 Dungeon Crawl Stone Soup version 0.31.0-32-g396128a36d (webtiles) character file.

Game seed: 2924407543373855157

1841094 zeteo the Minotaur Barricade (level 27, 190/232 HPs)
             Began as a Minotaur Fighter on Mar 11, 2024.
             Was a High Priest of Okawaru.
             Escaped with the Orb
             ... and 4 runes on Mar 14, 2024!
             The game lasted 13:21:14 (109676 turns).

zeteo the Minotaur Barricade (Minotaur Fighter)   Turns: 109676, Time: 13:21:15

Health: 190/232    AC: 46    Str: 32    XL:     27
Magic:  33/33      EV: 11    Int:  5    God:    Okawaru [*****.]
Gold:   3174       SH: 34    Dex: 12    Spells: 26/26 levels left

rFire   + + .        f - +8 mithril axe "Arga" {speed, Will+}
rCold   + + .        I - +10 tower shield of Ignorance {rN+ Int-4}
rNeg    + + +        S - +4 gold dragon scales
rPois   +            q - +2 hat {Will+}
rElec   +            J - +4 cloak of Floral Wonder {^Contam rPois rN+ Stlth+}
rCorr   +            u - +2 pair of gloves {Str+3}
SInv    .            s - +2 pair of boots
Will    +++++        l - amulet of the Four Winds {rN+ Will+++ Clar} Stlth
                     P - ring "Ycasuts" {rF+ rC+ rN+}
HPRegen 0.58/turn    c - ring of Peasu {Fly rElec rPois rCorr}
MPRegen 0.23/turn

%: clarity
@: flying, studying 3 skills
A: horns 2, retaliatory headbutt, berserk 2, frail 1, strong-willed 1, subdued
magic 1
0: Orb of Zot
}: 4/15 runes: decaying, serpentine, slimy, silver
a: Renounce Religion, Heroism, Finesse, Duel


You escaped.
You worshipped Okawaru.
Okawaru was extremely pleased with you.
You visited 13 branches of the dungeon, and saw 57 of its levels.
You also visited: Sewer, Ossuary, Ice Cave and Desolation.

You collected 9132 gold pieces.
You spent 5958 gold pieces at shops.

Inventory:

Hand Weapons
 f - the +8 mithril axe "Arga" (weapon) {speed, Will+}
   (Okawaru gifted it to you on level 4 of the Snake Pit)

   Will+:     It increases your willpower.
 B - a +9 demon trident of protection
 N - a +9 trishula of holy wrath
Missiles
 A - 22 silver javelins
 D - 50 javelins
 T - 32 boomerangs (quivered)
 V - 9 throwing nets
Armour
 q - a +2 hat of willpower (worn)
 s - a +2 pair of boots (worn)
 u - a +2 pair of gloves of strength (worn)
 F - a scarf of harm
 I - the +10 tower shield of Ignorance (worn) {rN+ Int-4}
   (You found it on level 7 of the Dungeon)

   Int-4:     It affects your intelligence (-4).
   rN+:       It protects you from negative energy.
 J - the +4 cloak of Floral Wonder (worn) {^Contam rPois rN+ Stlth+}
   (You found it on level 4 of the Vaults)

   rPois:     It protects you from poison rN+: It protects you from negative
   energy.
   ^Contam:   It causes magical contamination when unequipped.
   Stlth+:    It makes you more stealthy.
 S - +4 gold dragon scales (worn)
Jewellery
 c - the ring of Peasu (right hand) {Fly rElec rPois rCorr}
   (You found it on level 2 of the Lair of Beasts)

   [ring of flight]

   rElec:     It insulates you from electricity.
   rPois:     It protects you from poison Fly: It grants you flight.
   rCorr:     It protects you from acid and corrosion.
 k - a ring of protection from fire
 l - the amulet of the Four Winds (around neck) {rN+ Will+++ Clar}
   (You found it in the Desolation of Salt)

   [amulet of nothing]

   rN+:       It protects you from negative energy.
   Will+++:   It greatly increases your willpower.
   Clar:      It protects you from confusion, rage, mesmerisation and fear.
 p - the ring "Ygihet" {rPois rC+ Dex+4}
   (You found it on level 1 of the Depths)

   [ring of poison resistance]

   Dex+4:     It affects your dexterity (+4).
   rC+:       It protects you from cold.
   rPois:     It protects you from poison
 x - a +6 ring of strength
 z - a ring of magical power
 P - the ring "Ycasuts" (left hand) {rF+ rC+ rN+}
   (You found it on level 3 of the Crypt)

   [ring of positive energy]

   rF+:       It protects you from fire.
   rC+:       It protects you from cold.
   rN+:       It protects you from negative energy.
 W - a ring of see invisible
Wands
 e - a wand of light (38)
 n - a wand of digging (8)
Scrolls
 a - 5 scrolls of silence
 b - 3 scrolls of blinking
 g - 8 scrolls of fog
 h - 19 scrolls of teleportation
 i - 9 scrolls of noise
 j - 11 scrolls of fear
 r - 6 scrolls of poison
 R - 6 scrolls of revelation
Potions
 d - 11 potions of might
 m - 6 potions of ambrosia
 o - 3 potions of berserk rage
 t - 5 potions of invisibility
 w - 15 potions of mutation
 C - 19 potions of curing
 E - 2 potions of attraction
 G - 5 potions of cancellation
 H - 9 potions of heal wounds
 K - 11 potions of haste
 U - 3 potions of resistance
Miscellaneous
 v - a tin of tremorstones (2/2)
 y - a phial of floods


   Skills:
 + Level 23.0 Fighting
 - Level 11.4 Long Blades
 + Level 23.5(25.3) Axes
 - Level 6.1(16.6) Maces & Flails
 - Level 15.7(21.4) Polearms
 + Level 19.5 Throwing
 + Level 25.0 Armour
 - Level 8.8 Dodging
 - Level 2.0 Stealth
 O Level 27 Shields
 - Level 14.8 Invocations
 - Level 11.0 Evocations


You had 26 spell levels left.
You didn't know any spells.
Your spell library contained the following spells:

 Spells                   Type           Power      Damage    Failure   Level
 Apportation              Tloc           0%         N/A       95%         1
 Freeze                   Ice            0%         1d3       95%         1
 Kiss of Death            Conj/Necr      0%         2d5       95%         1
 Magic Dart               Conj           0%         1d3       95%         1
 Sandblast                Erth           0%         2d4       95%         1
 Shock                    Conj/Air       0%         1d3       95%         1
 Slow                     Hex            0%         N/A       95%         1
 Sting                    Conj/Alch      0%         1d3       95%         1
 Blink                    Tloc           0%         N/A       99%         2
 Cigotuvi's Dreadful Rot  Necr/Alch/Air  0%         N/A       99%         2
 Ensorcelled Hibernation  Hex/Ice        0%         N/A       99%         2
 Jinxbite                 Hex            0%         N/A       99%         2
 Lesser Beckoning         Tloc           0%         N/A       99%         2
 Mercury Vapours          Alch/Air       0%         N/A       99%         2
 Scorch                   Fire           0%         2d5       99%         2
 Static Discharge         Conj/Air       0%         3-3/arc   99%         2
 Sublimation of Blood     Necr           0%         N/A       99%         2
 Dazzling Flash           Conj/Hex       0%         N/A       100%        3
 Frozen Ramparts          Ice            0%         1d1       100%        3
 Hailstorm                Conj/Ice       0%         3d5       100%        3
 Mephitic Cloud           Conj/Alch/Air  0%         N/A       100%        3
 Passwall                 Erth           0%         N/A       100%        3
 Stone Arrow              Conj/Erth      0%         3d7       100%        3
 Swiftness                Air            0%         N/A       100%        3
 Vampiric Draining        Necr           0%         2d6       100%        3
 Volatile Blastmotes      Fire/Tloc      0%         2d10      100%        3
 Airstrike                Air            0%         2d(0-16)  100%        4
 Brom's Barrelling Bould  Conj/Erth      0%         2d3       100%        4
 Dimensional Bullseye     Hex/Tloc       0%         N/A       100%        4
 Flame Wave               Conj/Fire      0%         2d4       100%        4
 Ignite Poison            Fire/Alch      0%         N/A       100%        4
 Iskenderun's Mystic Bla  Conj/Tloc      0%         2d3       100%        4
 Leda's Liquefaction      Alch/Erth      0%         N/A       100%        4
 Manifold Assault         Tloc           0%         N/A       100%        4
 Passage of Golubria      Tloc           0%         N/A       100%        4
 Petrify                  Alch/Erth      0%         N/A       100%        4
 Vhi's Electric Charge    Tloc/Air       0%         N/A       100%        4
 Alistair's Intoxication  Alch           0%         N/A       100%        5
 Arcjolt                  Conj/Air       0%         1d10      100%        5
 Borgnjor's Vile Clutch   Necr/Erth      0%         N/A       100%        5
 Freezing Cloud           Conj/Ice/Air   0%         6-21      100%        5
 Irradiate                Conj/Alch      0%         3d11      100%        5
 Lee's Rapid Deconstruct  Erth           0%         3d4*      100%        5
 Silence                  Hex/Air        0%         N/A       100%        5
 Yara's Violent Unravell  Hex/Alch       0%         3d3       100%        5
 Bombard                  Conj/Erth      0%         9d1       100%        6
 Dispersal                Tloc           0%         N/A       100%        6
 Plasma Beam              Fire/Air       0%         2x1d10    100%        6
 Starburst                Conj/Fire      0%         6d3       100%        6
 Enfeeble                 Hex            0%         N/A       100%        7
 Orb of Destruction       Conj           0%         9d5       100%        7
 Borgnjor's Revivificati  Necr           0%         N/A       100%        8
 Disjunction              Tloc           0%         N/A       100%        8
 Lehudib's Crystal Spear  Conj/Erth      0%         10d2      100%        8
 Maxwell's Capacitive Co  Air            0%         ∞         100%        8
 Death's Door             Necr           0%         N/A       100%        9
 Call Imp                 Summ           Unusable   N/A       N/A         2
 Tukima's Dance           Hex            Unusable   N/A       N/A         3
 Animate Armour           Summ/Erth      Unusable   N/A       N/A         4
 Summon Blazeheart Golem  Fire/Summ      Unusable   N/A       N/A         4
 Summon Lightning Spire   Summ/Air       Unusable   N/A       N/A         4
 Summon Cactus Giant      Summ           Unusable   N/A       N/A         6
 Haunt                    Necr/Summ      Unusable   N/A       N/A         7
 Spellforged Servitor     Conj/Summ      Unusable   N/A       N/A         7
 Summon Hydra             Summ           Unusable   N/A       N/A         7

Dungeon Overview and Level Annotations

Branches:
Dungeon (15/15)            Temple (1/1) D:7            Lair (5/5) D:8
  Swamp (4/4) Lair:3        Snake (4/4) Lair:3        Slime (5/5) Lair:5
    Orc (2/2) D:9             Elf (3/3) Orc:2        Vaults (5/5) D:14
  Crypt (3/3) Vaults:2       Tomb (0/3) Crypt:3      Depths (4/4) D:15
   Hell (visited)             Dis (0/7) Hell            Geh (0/7) Hell
    Coc (0/7) Hell            Tar (0/7) Hell            Zot (5/5) Depths:4
  Sewer (visited)         Ossuary (visited)           IceCv (visited)
Desolation (visited)

Altars:
Ashenzari
Cheibriados
Dithmenos
Elyvilon
Fedhas
Gozag
Hepliaklqana
Kikubaaqudgha
Makhleb
Nemelex Xobeh
Okawaru
Qazlal
Ru
Sif Muna
Trog
Uskayaw
Vehumet
Wu Jian
Xom
Yredelemnul
Zin
The Shining One
Jiyva
Lugonu

Shops:
Orc:2 (*[:   Elf:1 *?   Snake:1 *   Vaults:3 *   Vaults:5 ?   Depths:4 [[

Portals:
Hell: Depths:1 Depths:2 Depths:3
Abyss: Zot:5 Depths:1 Depths:3
Pandemonium: Depths:2
Ziggurat: Depths:3
Trove: D:15 (show abyssal rune of Zot)

Annotations:
D:7 1 runed translucent door
Vaults:4 6 runed translucent doors


Innate Abilities, Weirdness & Mutations

You have a pair of horns on your head.
You reflexively headbutt those who attack you in melee.
You have an uncontrollable temper.
You are frail. (-10% HP)
You are strong-willed. (Will+)
Your spells are a little easier to cast, but a little less powerful.


Message History

The sphere of damnation explodes!
The damnation engulfs you!!
Blink to where?
Press: ? - help, Dir - move target
As you read the scroll of blinking, it crumbles to dust.
You feel extremely sick.
You feel very sick.
There is a stone staircase leading up here.
You feel very sick.
You climb upwards.
You feel very sick.
There is a stone staircase leading down here.
You feel better.
You feel much better.
You see here a +0 dagger.
A reaper comes into view. It is wielding a +3 heavy scythe.
You see here a +0 robe.
There is a stone staircase leading up here.
You climb upwards.
There is a stone staircase leading down here.
You remove your ring of protection from fire.
You fly up into the air.
c - the ring of Peasu (right hand) {Fly rElec rPois rCorr}
There is a stone staircase leading up here.
You fly upwards.
There is a stone staircase leading down here.
An orange demon comes into view.
There is a stone staircase leading up here.
You fly upwards.
There is a stone staircase leading down here.
An Orb Guardian comes into view.
Aiming: Dig
Press: ? - help, Shift-Dir - straight line A rock wall.
The rock shatters into small pieces.
There is a stone staircase leading up here.
You fly upwards.
There is a stone staircase leading down here.
There is an open door here.
There is a staircase leading out of the dungeon here.
You have escaped!

#....##.........†.........# #
###.##...).......############ #
.##.#####.######## ## .#....# ###
##.## ####. .#....###.# ##...##
##### #.... .#........# ##.....##
#...###.###
.#....##.####.......###..........
.########.##.........##.##.##.###
.....# #.'.....@.....'.##.##.#
####.# #.#####...########.##.# #
#.# ##.##.###.##........##.# #
#.###..##.# #.########..##.#
#.....###.###.# ####..##.###
####### #...#.# #........... ####
##.###'#####.##..#####. ...#
#................#...#. ##.#
#............##.##.#.#.


There were no monsters in sight!

Vanquished Creatures
  the Royal Jelly (Slime:5)
  Tiamat (Zot:2)
  2 dread liches
  Frederick (Crypt:3)
  5 ancient liches
  4 orbs of fire (Zot:5)
  Mennas (Vaults:4)
  Xtahua (Vaults:5)
  Sojobo (Vaults:3)
  6 Killer Klowns
  Vv (Depths:2)
  2 curse toes
  Saint Roka (Elf:3)
  The ghost of TuffENuff the End of an Era, a veteran FoFi of Qazlal (Vaults:4)
  Geryon (Hell)
  The ghost of Jetyrhek the Devastator, a veteran GrEE of Lugonu (Crypt:2)
  6 golden dragons
  The ghost of Pikuto the Slayer, an adept MiBe of Trog (Depths:1)
  A bone dragon (Depths:4)
  3 electric golems
  2 iron giants
  Rupert (D:14)
  A spectral shard shrike (Crypt:3)
  6 liches
  A tainted leviathan (Hell)
  8 tentacled monstrosities
  10 titans
  Zenata (Elf:1)
  25 Orb Guardians (Zot:5)
  2 deep elf master archers
  7 quicksilver dragons
  Murray (Depths:2)
  3 deep elf blademasters (Elf:3)
  8 sphinxes
  25 acid blobs
  6 ancient champions
  7 death cobs
  Gastronok (Lair:1)
  Kirke (D:15)
  12 shadow dragons
  15 storm dragons
  2 thorn hunters
  6 tengu reavers
  The ghost of jimmypageman the Peltast, an adept MiFi of Okawaru (Snake:2)
  3 fenstrider witches (Swamp:4)
  20 rockslimes
  2 protean progenitors (Zot:5)
  3 revenants (Crypt:3)
  6 draconian monks
  20 azure jellies
  9 frost giants
  4 nagarajas
  10 fire giants
  2 imperial myrmidons (Desolation)
  2 curse skulls (Crypt:3)
  12 vault wardens
  3 draconian shifters
  2 draconian scorchers (Zot:5)
  2 ghost moths
  9 deep elf sorcerers
  2 draconian knights
  An iron dragon (Zot:3)
  7 orc warlords
  A spectral caustic shrike (Crypt:3)
  25 ironbound preservers
  5 draconian stormcallers
  14 ghouls
  18 quicksilver oozes
  4 deep elf elementalists
  4 draconian annihilators
  13 stone giants
  4 ironbound thunderhulks
  16 very ugly things
  8 formless jellyfish
  6 green draconians
  8 vampire knights
  15 black draconians
  3 putrid mouths
  6 deep elf demonologists
  A lorocyproca (Depths:2)
  3 eleionomae
  11 red draconians
  9 bunyips
  12 white draconians
  2 halazid warlocks (Desolation)
  6 deep elf annihilators
  8 deep elf death magi
  The ghost of valliere the Grappler, a journeyman TrSh of Gozag (Lair:2)
  3 minotaurs
  7 spark wasps (Depths:1)
  4 purple draconians
  11 war gargoyles
  11 ettins
  10 dire elephants
  10 yellow draconians
  3 blizzard demons
  4 eidola
  A green death (Swamp:4)
  2 merfolk javelineers (Crypt:2)
  4 crystal guardians
  2 entropy weavers
  Josephine (D:11)
  6 fire dragons
  9 jiangshi
  8 deep elf high priests
  12 yaktaur captains
  Harold (D:10)
  5 ragged hierophants (Desolation)
  Fannar (Lair:2)
  32 vault guards
  2 rakshasas
  14 great orbs of eyes
  4 salamander tyrants
  8 servants of whispers (Desolation)
  10 ice dragons
  2 caustic shrike simulacra (IceCv)
  9 hydras
  Erolcha (D:13)
  2 hell beasts
  11 peacekeepers
  5 alligators
  11 ironbound frosthearts
  An alligator (shapeshifter) (Vaults:5)
  3 spriggan air magi
  10 two-headed ogres
  5 boulder beetles
  4 ogre magi
  31 dancing weapons
  10 centaur warriors
  5 deep troll shamans
  A sphinx skeleton (Crypt:1)
  9 anacondas
  A catoblepas (Lair:2)
  7 tengu warriors
  An Orb Guardian skeleton (Crypt:3)
  5 orc high priests
  9 deep troll earth magi (Depths:1)
  2 hell hogs
  18 naga warriors
  3 occultists
  11 vampire magi
  Urug (D:13)
  13 naga sharpshooters
  13 death yaks
  A spriggan berserker (Depths:4)
  7 shock serpents
  A storm dragon zombie (Crypt:1)
  A demonic crawler (Depths:2)
  21 deep elf knights
  Sonja (Lair:4)
  4 soul eaters
  3 skysharks
  A titan skeleton (Crypt:3)
  12 hell knights
  11 shadow wraiths
  5 salamander mystics
  7 sun demons
  A skyshark (shapeshifter) (Vaults:4)
  24 skeletal warriors
  An orb spider (shapeshifter) (Vaults:5)
  2 sixfirhies (Swamp:4)
  6 iron trolls
  An anaconda zombie (Crypt:1)
  A death drake (shapeshifter) (Zot:3)
  A shadow demon (Depths:2)
  7 glowing orange brains
  6 swamp dragons
  4 flayed ghosts
  68 deep trolls
  6 bog bodies
  6 spriggan druids
  8 goliath frogs
  5 arcanists
  5 naga ritualists
  7 mana vipers
  A spectral hydra (Crypt:3)
  27 phantasmal warriors
  24 ironbound convokers
  6 necromancers
  6 orange crystal statues
  15 deep elf archers
  20 lindwurms
  A goliath frog zombie (Crypt:3)
  34 deep elf pyromancers
  20 orc knights
  2 steelbarb worms (shapeshifter)
  33 deep elf zephyrmancers
  An anaconda skeleton (Crypt:3)
  2 wolf spiders (Vaults:5)
  A cyclops (shapeshifter) (Vaults:4)
  4 cyclopes
  11 orc sorcerers
  2 manticores (D:14)
  A frost giant zombie (Vaults:4)
  2 alligator zombies
  8 shining eyes
  30 ugly things
  A will-o-the-wisp (Swamp:4)
  14 salamanders
  26 moths of wrath
  A spectral alligator snapping turtle (Crypt:3)
  A manticore (shapeshifter) (Vaults:5)
  A centaur zombie (Crypt:3)
  21 elephants
  A water nymph (shapeshifter) (Elf:1)
  15 naga magi
  3 ice statues
  25 black mambas
  7 smoke demons
  17 vault sentinels
  A meliai (shapeshifter) (Elf:1)
  6 kobold blastminers
  Joseph (D:8)
  A torpor snail (Lair:5)
  6 molten gargoyles
  3 guardian serpents
  3 orange demons (Swamp:4)
  16 cane toads
  A cane toad (shapeshifter) (Elf:2)
  5 eyes of devastation
  A yaktaur (shapeshifter) (Vaults:4)
  Maggie (D:6)
  An orb spider zombie (Crypt:2)
  9 komodo dragons
  A hellion (Hell)
  10 rime drakes
  2 gargoyles
  2 unseen horrors (D:10)
  31 yaktaurs
  A bunyip simulacrum (Crypt:3)
  2 anaconda simulacra (IceCv)
  2 tengu conjurers
  A sea snake zombie (Hell)
  Jeremiah (D:6)
  4 golden dragon simulacra (IceCv)
  13 freezing wraiths
  2 sea snake skeletons (Hell)
  A harpy zombie (Crypt:1)
  A merfolk (D:12)
  10 trolls
  5 polar bears
  56 saltlings (Desolation)
  6 tyrant leeches
  4 hydra zombies
  An iron troll skeleton (Crypt:2)
  4 hellwings (Swamp:4)
  16 blink frogs
  A tarantella zombie (Crypt:1)
  15 hornets
  2 glass eyes (Slime:5)
  A hydra skeleton (Hell)
  4 alligator simulacra
  7 dream sheep
  2 centaur simulacra (D:14)
  A jumping spider (Vaults:2)
  2 ettin skeletons
  8 shadows
  7 water elementals
  11 wraiths
  Sigmund (D:2)
  4 air elementals
  151 slime creatures
  24 spriggans
  An ice dragon skeleton (Crypt:2)
  4 wyverns
  4 vampires
  A culicivora (Vaults:5)
  7 golden eyes
  A dire elephant simulacrum (IceCv)
  5 fire elementals
  3 hogs (D:15)
  A black mamba skeleton (Crypt:1)
  13 basilisks
  53 yaks
  18 vampire mosquitoes
  4 wargs
  3 humans (D:15)
  A steam dragon (Lair:3)
  A sea snake simulacrum (Hell)
  Menkaure (D:7)
  6 redbacks
  2 chaos spawn (Swamp:4)
  A merfolk zombie (Crypt:3)
  2 deep troll zombies
  A harpy simulacrum (IceCv)
  A swamp worm (shapeshifter) (Vaults:5)
  2 acid dragons
  76 nagas
  20 swamp worms
  17 water moccasins
  A glowing shapeshifter skeleton (Vaults:4)
  Duvessa (D:5)
  32 orc warriors
  8 swamp drakes
  21 laughing skulls
  A blink frog zombie (Crypt:1)
  Pargi (Sewer)
  4 black bears
  4 boggarts
  10 ogres
  33 wolves
  A dream sheep zombie (Crypt:2)
  A swamp dragon skeleton (Crypt:2)
  16 centaurs
  A kobold brigand (D:10)
  5 phantoms
  A human zombie (Vaults:4)
  10 weeping skulls
  A fire crab zombie (Crypt:3)
  A gnoll sergeant (D:12)
  3 earth elementals
  13 bullfrogs
  Blork the orc (D:6)
  3 scorpions
  A necrophage (Swamp:4)
  A salamander skeleton (Crypt:3)
  8 water moccasin zombies (Ossuary)
  A wyvern skeleton (Crypt:2)
  10 wights
  Dowan (D:5)
  13 killer bees
  3 lindwurm simulacra (IceCv)
  An oklob sapling (D:10)
  10 electric eels
  10 howler monkeys
  A lava snake (D:14)
  2 bombardier beetles (D:6)
  6 hounds
  2 gnoll boudas (D:5)
  13 orc priests
  3 sleepcaps
  13 jellies
  15 orc wizards
  An acid dragon zombie (Crypt:2)
  A tengu zombie (Crypt:2)
  2 crocodile zombies (Ossuary)
  A naga zombie (Crypt:3)
  A sky beast zombie (Crypt:1)
  2 mummies (Ossuary)
  23 gnolls
  12 adders
  A shadow imp (D:5)
  A white imp (D:7)
  5 adder zombies (Ossuary)
  3 dart slugs
  3 ribbon worms
  61 orcs
  5 bats
  11 endoplasms
  8 giant cockroaches
  10 gnoll zombies (Ossuary)
  5 goblins
  9 hobgoblins
  6 jackals
  12 kobolds
  2 quokkas (D:4)
  12 ball pythons
  4 frilled lizards
  5 jackal zombies (Ossuary)
  2 orc zombies (Ossuary)
  10 rats
  A lurking horror (Zot:5)
2749 creatures vanquished.

Vanquished Creatures (others)
  A tengu reaver (Vaults:3)
  A red draconian (Depths:4)
  A putrid mouth (Hell)
  A vault guard (Vaults:5)
  An ice dragon (Depths:1)
  A hell hog (Depths:2)
  3 deep elf knights (Elf:1)
  2 bloated husks
  A sky beast (D:6)
  An orc warrior (Vaults:5)
  2 orcs
  2 foxfires (Swamp:4)
17 creatures vanquished.

Grand Total: 2766 creatures vanquished

Notes
Turn   | Place    | Note
-------+----------+-------------------------------------------
     0 | D:1      | zeteo the Minotaur Fighter began the quest for the Orb.
     0 | D:1      | Reached XP level 1. HP: 19/19 MP: 0/0
   143 | D:1      | Reached XP level 2. HP: 27/27 MP: 1/1
   306 | D:1      | Reached skill level 4 in Shields
   755 | D:1      | Reached XP level 3. HP: 33/33 MP: 2/2
  1075 | D:2      | Noticed Sigmund
  1407 | D:2      | Found a faded altar of an unknown god.
  1979 | D:2      | Reached XP level 4. HP: 36/40 MP: 3/3
  2024 | D:3      | Reached skill level 1 in Stealth
  2368 | D:3      | Reached XP level 5. HP: 21/47 MP: 4/4
  2746 | D:4      | Noticed a phantom
  2752 | D:4      | Killed a phantom
  2759 | D:4      | Reached skill level 5 in Shields
  2809 | D:4      | Found a glowing drain.
  2817 | D:4      | Reached skill level 5 in Armour
  2817 | D:4      | Noticed a phantom
  2843 | D:4      | Killed a phantom
  2844 | D:4      | Reached skill level 5 in Fighting
  2844 | D:4      | Reached XP level 6. HP: 31/56 MP: 5/5
  2970 | Sewer    | Entered a sewer
  3197 | Sewer    | Noticed Pargi
  3202 | Sewer    | Killed Pargi
  3321 | D:4      | Reached XP level 7. HP: 60/61 MP: 6/6
  3371 | D:4      | Reached skill level 5 in Axes
  3723 | D:4      | Found a basalt altar of Yredelemnul.
  4282 | D:2      | Killed Sigmund
  4383 | D:5      | Entered Level 5 of the Dungeon
  4561 | D:5      | Noticed Duvessa
  4593 | D:5      | Killed Duvessa
  4594 | D:5      | Reached XP level 8. HP: 69/69 MP: 7/7
  5178 | D:5      | Noticed Dowan
  5187 | D:5      | Killed Dowan
  5810 | D:5      | Identified the +2 robe of Circular Logic {rElec}
  5822 | D:5      | Reached skill level 1 in Evocations
  5865 | D:5      | Found a snail-covered altar of Cheibriados.
  6167 | D:6      | Found a sand-covered staircase.
  6175 | Ossuary  | Entered an ossuary
  6409 | Ossuary  | Reached XP level 9. HP: 56/74 MP: 8/8
  6675 | D:6      | Noticed Jeremiah
  6921 | D:6      | Killed Jeremiah
  7235 | D:6      | Reached skill level 1 in Polearms
  7245 | D:6      | Identified the +5 falchion of Intuition {freeze, rC++}
  7313 | D:6      | Noticed Blork the orc
  7313 | D:6      | Noticed Maggie
  7354 | D:6      | Killed Blork the orc
  7425 | D:6      | Reached skill level 6 in Shields
  7427 | D:6      | Killed Maggie
  7807 | D:7      | Noticed Menkaure
  7812 | D:7      | Killed Menkaure
  7987 | D:7      | Found a shimmering altar of Xom.
  8116 | D:7      | Found a runed translucent door.
  8122 | D:7      | Found the +10 tower shield of Ignorance {rN+ Int-4}
  8145 | D:7      | Found a runed translucent door.
  8146 | D:7      | Noticed an orange crystal statue
  8359 | D:7      | Found a staircase to the Ecumenical Temple.
  8370 | Temple   | Entered the Ecumenical Temple
  8405 | Temple   | Became a worshipper of Warmaster Okawaru
  8565 | D:7      | Reached skill level 1 in Throwing
  9030 | D:8      | Reached skill level 7 in Shields
  9070 | D:8      | Reached skill level 5 in Evocations
  9208 | D:8      | Noticed Joseph
  9220 | D:8      | Killed Joseph
  9221 | D:8      | Reached XP level 10. HP: 56/82 MP: 9/9
  9465 | D:8      | Reached * piety under Okawaru
  9466 | D:8      | Reached skill level 5 in Polearms
  9573 | D:8      | Reached skill level 1 in Invocations
  9612 | D:8      | Noticed a two-headed ogre
  9624 | D:8      | Killed a two-headed ogre
  9624 | D:8      | Reached ** piety under Okawaru
  9625 | D:8      | Reached skill level 8 in Shields
  9875 | D:8      | Noticed a two-headed ogre
 10265 | D:8      | Found a staircase to the Lair.
 10429 | D:8      | Killed a two-headed ogre
 10429 | D:8      | Reached *** piety under Okawaru
 10701 | D:9      | Reached skill level 9 in Shields
 10746 | D:9      | Reached XP level 11. HP: 78/88 MP: 12/12
 10808 | D:9      | Found a flagged portal.
 10809 | D:9      | You fall into a shaft and drop 3 floors!
 10886 | D:11     | Noticed a red ugly thing
 10905 | D:11     | Killed a red ugly thing
 10905 | D:11     | Reached **** piety under Okawaru
 11097 | D:11     | Noticed Josephine
 11334 | D:12     | Reached skill level 5 in Invocations
 11392 | D:11     | Killed Josephine
 11393 | D:11     | Reached skill level 10 in Shields
 11533 | D:10     | Entered Level 10 of the Dungeon
 11571 | D:9      | Found a staircase to the Orcish Mines.
 11625 | Orc:1    | Entered Level 1 of the Orcish Mines
 12058 | D:9      | Noticed a two-headed ogre
 12069 | D:9      | Killed a two-headed ogre
 12069 | D:9      | Reached ***** piety under Okawaru
 12624 | D:10     | Noticed a two-headed ogre
 12634 | D:10     | Killed a two-headed ogre
 12634 | D:10     | Received a gift from Okawaru
 12768 | D:10     | Noticed a tengu warrior
 12776 | D:10     | Noticed a tengu warrior
 12798 | D:10     | HP: 4/88 [tengu warrior/+0 battleaxe (12)]
 13118 | D:10     | Killed a tengu warrior
 13119 | D:10     | Reached skill level 11 in Shields
 13135 | D:10     | Killed a tengu warrior
 13341 | D:10     | Reached skill level 10 in Polearms
 13449 | D:10     | Found a white marble altar of Elyvilon.
 13450 | D:10     | Found a blossoming altar of Fedhas.
 13710 | D:10     | Reached XP level 12. HP: 94/94 MP: 16/16
 13785 | D:10     | Found a sacrificial altar of Ru.
 14017 | D:10     | Got the Papyrus of Nature
 14594 | D:11     | Identified the +2 robe of Midsummer {Will+ rCorr}
 14690 | D:11     | Noticed a two-headed ogre
 14696 | D:11     | Killed a two-headed ogre
 14765 | D:11     | Noticed Harold
 15009 | D:10     | Killed Harold
 15010 | D:10     | Reached skill level 12 in Shields
 16578 | D:12     | Noticed a two-headed ogre
 16586 | D:12     | Killed a two-headed ogre
 16586 | D:12     | Received a gift from Okawaru
 17870 | D:12     | Reached skill level 13 in Shields
 18029 | D:12     | Noticed a death yak
 19027 | D:12     | Reached skill level 1 in Dodging
 19225 | D:12     | Noticed a minotaur
 19485 | D:12     | Killed a minotaur
 19486 | D:12     | Reached skill level 5 in Throwing
 19486 | D:12     | Reached XP level 13. HP: 74/102 MP: 11/18
 19705 | D:12     | Noticed a minotaur
 19716 | D:12     | Killed a minotaur
 19727 | D:12     | Received a gift from Okawaru
 19737 | D:12     | Identified the ring of Miemock {rPois Int+6 Dex+3 Stlth-}
 20052 | Lair:1   | Entered Level 1 of the Lair of Beasts
 20163 | Lair:1   | Noticed Gastronok
 20536 | Lair:1   | Reached skill level 10 in Armour
 21273 | Lair:1   | Killed Gastronok
 21273 | Lair:1   | Reached ****** piety under Okawaru
 21634 | Lair:2   | Reached skill level 10 in Invocations
 21640 | Lair:2   | Received a gift from Okawaru
 22080 | Lair:2   | Noticed Fannar
 22103 | Lair:2   | Killed Fannar
 22161 | Lair:2   | Reached skill level 14 in Shields
 22236 | Lair:2   | Found a runed translucent door.
 22238 | Lair:2   | Noticed valliere's ghost (journeyman TrSh)
 22266 | Lair:2   | Killed valliere's ghost
 22267 | Lair:2   | Reached XP level 14. HP: 83/115 MP: 20/20
 22629 | Lair:2   | Received a gift from Okawaru
 22645 | Lair:2   | Reached skill level 5 in Dodging
 22916 | Lair:2   | Identified the ring of Peasu {Fly rElec rPois rCorr}
 23766 | Lair:3   | Found a staircase to the Swamp.
 23778 | Lair:3   | Received a gift from Okawaru
 23920 | Lair:3   | Found a staircase to the Snake Pit.
 24665 | Lair:4   | Noticed Sonja
 24670 | Lair:4   | Killed Sonja
 24981 | Lair:4   | Identified the +10 dagger of Sulphur {venom, rN+ Int+4}
 25500 | Lair:4   | Received a gift from Okawaru
 25676 | Lair:5   | Entered Level 5 of the Lair of Beasts
 25884 | Lair:5   | Found a viscous altar of Jiyva.
 25908 | Lair:5   | Found a staircase to the Slime Pits.
 26027 | Lair:5   | Reached XP level 15. HP: 125/125 MP: 22/22
 26117 | Lair:5   | Received a gift from Okawaru
 27066 | Lair:5   | Received a gift from Okawaru
 27971 | D:13     | Noticed Erolcha
 28012 | D:13     | Reached skill level 15 in Shields
 28017 | D:13     | Killed Erolcha
 28172 | D:13     | Reached skill level 10 in Fighting
 28463 | D:13     | Noticed Urug
 28471 | D:13     | Killed Urug
 28641 | D:14     | Received a gift from Okawaru
 28713 | D:13     | Acquired the +5 crystal plate armour "Voicil" {^Drain rPois
                  | Stlth+}
 28713 | D:13     | Received a gift from Okawaru
 29580 | D:14     | Found a gate to the Vaults.
 29761 | D:14     | Found a transporter.
 29864 | D:14     | Found a white marble altar of Elyvilon.
 29876 | D:14     | Noticed Rupert
 29887 | D:14     | Killed Rupert
 30116 | D:14     | Received a gift from Okawaru
 30279 | D:14     | Found a transporter.
 30528 | D:15     | Entered Level 15 of the Dungeon
 30598 | D:15     | Noticed Kirke
 30606 | D:15     | Killed Kirke
 30607 | D:15     | Reached XP level 16. HP: 131/136 MP: 23/23
 30786 | D:15     | Received a gift from Okawaru
 30931 | D:15     | Found a portal to a secret trove of treasure.
 31338 | D:15     | Found a staircase to the Depths.
 31919 | Orc:2    | Entered Level 2 of the Orcish Mines
 31921 | Orc:2    | Found a staircase to the Elven Halls.
 32156 | Orc:2    | Found Balliosh's Book Shoppe.
 32173 | Orc:2    | Reached skill level 1 in Long Blades
 32347 | Orc:2    | Found Geqes's Antique Armour Emporium.
 32450 | Orc:2    | Found Ceotehai's Antique Weapon Emporium.
 32489 | Orc:2    | Bought a runed trident for 136 gold pieces
 32489 | Orc:2    | Bought a glowing scimitar for 147 gold pieces
 32489 | Orc:2    | Bought a glowing spear for 126 gold pieces
 33125 | Orc:2    | Found Ocwi's General Store.
 33151 | Orc:2    | Bought a potion of haste for 130 gold pieces
 33151 | Orc:2    | Bought a scroll of enchant weapon for 97 gold pieces
 33663 | Snake:1  | Entered Level 1 of the Snake Pit
 34089 | Snake:1  | Received a gift from Okawaru
 34196 | Snake:1  | Found Watasooj's Assorted Antiques.
 34204 | Snake:1  | Bought a potion of curing for 78 gold pieces
 34204 | Snake:1  | Bought a scroll of fear for 104 gold pieces
 34660 | Snake:1  | Identified the +9 trident of Xufimm {elec, rPois rN+ Str+4
                  | Dex-2}
 35412 | Snake:1  | Received a gift from Okawaru
 35452 | Snake:1  | Reached skill level 15 in Polearms
 35458 | Snake:1  | Reached skill level 16 in Shields
 35875 | Snake:2  | Noticed jimmypageman's ghost (adept MiFi)
 35881 | Snake:2  | Found a runed translucent door.
 35950 | Snake:2  | Killed jimmypageman's ghost
 36203 | Snake:3  | Received a gift from Okawaru
 36417 | Snake:3  | Reached XP level 17. HP: 144/146 MP: 25/25
 36582 | Snake:3  | Reached skill level 10 in Throwing
 36924 | Snake:4  | Entered Level 4 of the Snake Pit
 36960 | Snake:4  | Reached skill level 5 in Long Blades
 37318 | Snake:4  | Received a gift from Okawaru
 38509 | Snake:4  | Found a shimmering altar of Xom.
 39711 | Snake:4  | Received a gift from Okawaru
 41103 | Snake:4  | Got a serpentine rune of Zot
 41191 | Snake:4  | Acquired the +8 mithril axe "Arga" {speed, Will+}
 41191 | Snake:4  | Received a gift from Okawaru
 41191 | Snake:4  | Found the +8 mithril axe "Arga" {speed, Will+}
 41320 | Swamp:1  | Entered Level 1 of the Swamp
 41493 | Swamp:1  | Received a gift from Okawaru
 41802 | Swamp:1  | Reached skill level 10 in Axes
 42088 | Swamp:2  | Reached XP level 18. HP: 149/156 MP: 26/26
 42755 | Swamp:3  | Reached skill level 17 in Shields
 42852 | Swamp:3  | Received a gift from Okawaru
 43175 | Swamp:4  | Entered Level 4 of the Swamp
 43683 | Swamp:4  | Reached skill level 15 in Armour
 44006 | Swamp:4  | Received a gift from Okawaru
 44612 | Swamp:4  | Got a decaying rune of Zot
 44943 | Elf:1    | Entered Level 1 of the Elven Halls
 45110 | Elf:1    | Received a gift from Okawaru
 45136 | Elf:1    | Found Bupp's Magic Scroll Shop.
 45182 | Elf:1    | Bought a scroll of fear for 52 gold pieces
 45182 | Elf:1    | Bought a scroll of blinking for 97 gold pieces
 45820 | Elf:1    | Found Robaykhle's General Store.
 45844 | Elf:1    | Noticed Zenata
 45869 | Elf:1    | Received a gift from Okawaru
 45886 | Elf:1    | Killed Zenata
 46421 | Elf:1    | Reached XP level 19. HP: 162/162 MP: 27/27
 46500 | Elf:1    | Reached skill level 10 in Long Blades
 46500 | Elf:1    | Reached skill level 18 in Shields
 46776 | Elf:1    | Paralysed by an air elemental for 1 turns
 47379 | Elf:1    | Paralysed by an air elemental for 1 turns
 47421 | Elf:2    | Reached skill level 10 in Evocations
 47431 | Elf:2    | Found a runed translucent gate.
 47431 | Elf:2    | Found a runed translucent gate.
 47433 | Elf:2    | Found a runed translucent gate.
 47498 | Elf:2    | Received a gift from Okawaru
 47649 | Elf:2    | Found a crumbling gateway.
 47683 | Desolati | Entered the Desolation of Salt
 48153 | Desolati | Reached skill level 15 in Axes
 48159 | Desolati | Received a gift from Okawaru
 48795 | Desolati | Found the amulet of the Four Winds {rN+ Will+++ Clar}
 48799 | Desolati | Identified the +0 spear "Aceh" {flame, rC- rCorr Str+3
                  | Dex+3}
 48816 | Desolati | Identified the +1 robe "Megofo" {-Cast rC+ Regen+ Dex+2}
 48818 | Desolati | Got Juobba's Lectures on Planar Orogeny
 48934 | Desolati | Identified the +7 morningstar of Ishroc {freeze, rPois
                  | Will+ Str-4 SInv}
 48944 | Desolati | Got the Elucidation of Warped Conduction
 49100 | Desolati | Identified the ring of Roloboza {Fire rPois}
 49106 | Desolati | Got the Handbook of Battling
 49107 | Desolati | Identified the +1 demon blade "Tuet" {vamp, Dex+5 SInv}
 49112 | Desolati | Got Sif Muna's Treatise on Lithomancy
 49456 | Elf:2    | Received a gift from Okawaru
 49932 | Elf:2    | Reached skill level 1 in Maces & Flails
 51678 | Elf:3    | Entered Level 3 of the Elven Halls
 51973 | Elf:3    | Found a glacial archway.
 52117 | IceCv    | Entered an ice cave
 52124 | IceCv    | Reached XP level 20. HP: 167/171 MP: 29/29
 52558 | IceCv    | Received a gift from Okawaru
 52688 | IceCv    | Identified the maw talisman of Fallacy {rC++ Dex+3}
 53000 | Elf:3    | Reached skill level 19 in Shields
 53812 | Elf:3    | Received a gift from Okawaru
 53864 | Elf:3    | Identified the +3 quarterstaff of the Four Moons {spect,
                  | rF+ rCorr}
 54013 | Elf:3    | Reached skill level 5 in Maces & Flails
 54129 | Elf:3    | Identified the +4 quarterstaff of Limodet {freeze, +Blink}
 54129 | Elf:3    | Identified the amulet "Ovukle" {RegenMP rF+ Int+4}
 54672 | Elf:3    | Identified the +1 great mace of Osesei {holy, rN+ Str+3}
 54682 | Elf:3    | Received a gift from Okawaru
 54688 | Elf:3    | Identified the +1 leather armour of Uskayaw's Benevolence
                  | {rC+ Dex+2}
 54818 | Elf:3    | Noticed Saint Roka
 54996 | Elf:3    | Killed Saint Roka
 55160 | Elf:3    | Got the Vellum of Ensorcelling
 55162 | Elf:3    | Identified the +5 long sword of the Heart {flame, rF+
                  | Dex+6}
 55170 | Elf:3    | Got the Reference Book on the Petrified Damned
 55189 | Elf:3    | Identified the +7 rapier "Beetlebane" {vamp, rN++ Will-
                  | Int+4}
 55201 | Elf:3    | Identified the +10 short sword of Jifiqen {freeze, rN+}
 55704 | D:14     | Identified the +1 hat "Ruulek" {Stlth+}
 55844 | Vaults:1 | Entered Level 1 of the Vaults
 56138 | Vaults:1 | Received a gift from Okawaru
 56456 | Vaults:1 | Identified the +1 orcbow of Fyigob {freeze, +Blink rF+
                  | Int+3 Dex-5}
 56925 | Vaults:1 | Got Tachung's Atlas of the Quarry
 57016 | Vaults:1 | Reached XP level 21. HP: 147/182 MP: 31/31
 57407 | Vaults:1 | Received a gift from Okawaru
 57940 | Vaults:2 | Reached skill level 20 in Shields
 58119 | Vaults:2 | Reached skill level 15 in Fighting
 58637 | Vaults:2 | Received a gift from Okawaru
 59388 | Vaults:2 | Found a staircase to the Crypt.
 60512 | Vaults:3 | Received a gift from Okawaru
 60701 | Vaults:3 | Found Tuulutta's Assorted Antiques.
 60715 | Vaults:3 | Bought a crude spear for 256 gold pieces
 60715 | Vaults:3 | Identified the +10 spear "Waudo" {flame, +Blink rElec rPois
                  | Str-4} (You bought it in a shop on level 3 of the Vaults)
 61191 | Vaults:4 | Identified the +4 lajatang of the Eleven Demons {freeze,
                  | *Rage rElec rN+}
 61677 | Vaults:4 | Found a large runed translucent door.
 61677 | Vaults:4 | Found a large runed translucent door.
 61677 | Vaults:4 | Found a large runed translucent door.
 61677 | Vaults:4 | Found a large runed translucent door.
 61677 | Vaults:4 | Found a large runed translucent door.
 61677 | Vaults:4 | Found a large runed translucent door.
 61677 | Vaults:4 | Noticed TuffENuff's ghost (veteran FoFi)
 61678 | Vaults:4 | Found a large runed translucent door.
 61678 | Vaults:4 | Found a large runed translucent door.
 61707 | Vaults:4 | Noticed Sojobo
 61729 | Vaults:3 | Paralysed by an air elemental for 1 turns
 61744 | Vaults:3 | Killed Sojobo
 62059 | Vaults:4 | Reached XP level 22. HP: 194/195 MP: 32/32
 62494 | Vaults:4 | Reached skill level 21 in Shields
 62669 | Vaults:4 | Noticed Mennas
 62736 | Vaults:4 | Killed Mennas
 63453 | Elf:1    | Bought a scroll of enchant weapon for 97 gold pieces
 63453 | Elf:1    | Bought a scroll of enchant weapon for 97 gold pieces
 63453 | Elf:1    | Bought a scroll of enchant weapon for 97 gold pieces
 63805 | Vaults:4 | Killed TuffENuff's ghost
 63822 | Vaults:4 | Received a gift from Okawaru
 63826 | Vaults:4 | Identified the +4 cloak of Floral Wonder {^Contam rPois rN+
                  | Stlth+}
 64181 | Slime:1  | Entered Level 1 of the Pits of Slime
 65107 | Slime:3  | Received a gift from Okawaru
 66578 | Slime:4  | Received a gift from Okawaru
 66816 | Slime:3  | Gained mutation: You sometimes lose your temper in combat.
                  | [a shining eye]
 67156 | Slime:5  | Entered Level 5 of the Pits of Slime
 67837 | Slime:5  | Reached skill level 22 in Shields
 67863 | Slime:5  | Gained mutation: You have an uncontrollable temper. [a
                  | shining eye]
 68087 | Slime:5  | Reached XP level 23. HP: 204/204 MP: 33/33
 68234 | Slime:5  | Gained mutation: Your spells are a little easier to cast,
                  | but a little less powerful. [a shining eye]
 69845 | Slime:5  | Paralysed by a formless jellyfish for 1 turns
 70042 | Slime:5  | Noticed the Royal Jelly
 70283 | Slime:5  | Killed the Royal Jelly
 70608 | Slime:5  | Identified the amulet of Rojeucs {Acrobat *Slow rC++ MP+9
                  | Str+3}
 70640 | Slime:5  | Identified the +6 scale mail of Pyaps {*Slow MP+9 Int+4}
 70676 | Slime:5  | Identified the +6 trident "Orb Guardian's Curse" {spect,
                  | Will+}
 70683 | Slime:5  | Identified the +0 sling of Cobwebs {flame, rPois}
 70691 | Slime:5  | Got a slimy rune of Zot
 71851 | Depths:1 | Entered Level 1 of the Depths
 72095 | Depths:1 | Found a runed translucent door.
 72152 | Depths:1 | Found a gateway to Hell.
 72152 | Depths:1 | Noticed Pikuto's ghost (adept MiBe)
 72173 | Depths:1 | Received a gift from Okawaru
 72281 | Depths:1 | Reached skill level 23 in Shields
 72991 | Depths:1 | Received a gift from Okawaru
 73375 | Depths:1 | Identified the ring "Ygihet" {rPois rC+ Dex+4}
 73599 | Depths:1 | Received a gift from Okawaru
 73920 | Depths:1 | Found a one-way gate to the infinite horrors of the Abyss.
 74443 | Depths:1 | Killed Pikuto's ghost
 74849 | Depths:2 | Found a stormy altar of Qazlal.
 75273 | Depths:2 | Identified the +5 hand axe "Niqeoc" {venom, rF+ rN+}
 75286 | Depths:2 | Received a gift from Okawaru
 75434 | Depths:2 | Noticed Vv
 75439 | Depths:2 | Reached XP level 24. HP: 188/216 MP: 31/33
 75469 | Depths:2 | Killed Vv
 75666 | Depths:2 | Found a one-way gate leading to the halls of Pandemonium.
 76319 | Depths:3 | Reached skill level 15 in Throwing
 77130 | Depths:3 | Found a one-way gateway to a ziggurat.
 77250 | Depths:3 | Found a hazy altar of Hepliaklqana.
 77478 | Depths:4 | Entered Level 4 of the Depths
 77615 | Depths:4 | Found Jampiu's Antique Armour Boutique.
 77620 | Depths:4 | Found Qunkedde's Antique Armour Shop.
 77723 | Depths:4 | Reached skill level 24 in Shields
 78443 | Depths:4 | Found a gate to the Realm of Zot.
 79321 | Crypt:1  | Entered Level 1 of the Crypt
 79386 | Crypt:1  | Received a gift from Okawaru
 79964 | Crypt:1  | Found the +10 dark maul {heavy}
 79968 | Crypt:1  | Identified the +0 quarterstaff "Xymua" {flame, rF+ rC-
                  | Will+++ Dex+4}
 80013 | Crypt:1  | Identified the +3 trident "Irit Keo" {speed, *Corrode rN+
                  | Stlth+}
 81179 | Crypt:2  | Found a runed translucent gate.
 81179 | Crypt:2  | Found a runed translucent gate.
 81179 | Crypt:2  | Found a runed translucent gate.
 81182 | Crypt:2  | Identified the ring of Atheism {Int+6 Dex+4}
 81182 | Crypt:2  | Noticed Jetyrhek's ghost (veteran GrEE)
 81183 | Crypt:2  | Identified the +5 rapier "Cuwoop" {antimagic, Int+7}
 81183 | Crypt:2  | Identified the +3 leather armour of the Brewing Gods
                  | {Dex+9}
 81186 | Crypt:2  | Found an iron altar of Okawaru.
 81252 | Crypt:2  | Received a gift from Okawaru
 81760 | Crypt:3  | Entered Level 3 of the Crypt
 82272 | Crypt:3  | Found a staircase to the Tomb.
 82606 | Crypt:3  | Identified the orb of the Hot Ocelot {light, Regen+}
 82606 | Crypt:3  | Noticed Frederick
 82626 | Crypt:3  | Killed Frederick
 82626 | Crypt:3  | Received a gift from Okawaru
 82856 | Crypt:3  | Found a basalt altar of Yredelemnul.
 82958 | Crypt:3  | Identified the staff of Piulixiego {rN+ Necro Air}
 83069 | Crypt:3  | Received a gift from Okawaru
 83100 | Crypt:3  | Reached XP level 25. HP: 147/228 MP: 33/33
 83217 | Crypt:3  | Identified the ring "Oneughaqu" {rPois rN+ Stlth+}
 83217 | Crypt:3  | Identified the ring "Ycasuts" {rF+ rC+ rN+}
 83220 | Crypt:3  | Identified the ring "Odevuad" {Fly rCorr Str+2 Stlth-}
 83224 | Crypt:3  | Identified the +4 mace of the Shallot {flame, *Slow Dex+6
                  | SInv}
 83599 | Depths:4 | Bought glowing gold dragon scales for 3652 gold pieces
 84541 | Zot:1    | Entered Level 1 of the Realm of Zot
 86825 | Vaults:5 | Entered Level 5 of the Vaults
 86840 | Vaults:5 | Reached skill level 25 in Shields
 86864 | Vaults:5 | Received a gift from Okawaru
 87450 | Vaults:5 | Identified the +6 flail of Doubt {heavy, Fly Str+4 Dex-2}
 87465 | Vaults:5 | Found Lisus's Magic Scroll Shoppe.
 87465 | Vaults:5 | Noticed an ancient lich
 87484 | Vaults:5 | Killed an ancient lich
 87735 | Vaults:5 | Received a gift from Okawaru
 88044 | Vaults:5 | Noticed an ancient lich
 88081 | Vaults:5 | Killed an ancient lich
 88594 | Vaults:5 | Identified the +0 helmet "Ycvac" {Str+5}
 88614 | Vaults:5 | Identified the +6 hand axe of Ointment {antimagic, rF+ rN+
                  | Int+3}
 89079 | Vaults:5 | Noticed Xtahua
 89112 | Vaults:5 | Killed Xtahua
 89289 | Vaults:5 | Received a gift from Okawaru
 89340 | Vaults:5 | Identified the ring "Ytaomo Cesch" {*Corrode rElec rF+ rC+
                  | rN+ Dex+6}
 89572 | Vaults:5 | Got a silver rune of Zot
 89643 | Vaults:5 | Identified the staff of Righteous Anger {rC- Dex+3 SInv
                  | Stlth+ Conj}
 90084 | Crypt:2  | Reached XP level 26. HP: 211/241 MP: 33/33
 90104 | Crypt:2  | Killed Jetyrhek's ghost
 91709 | Zot:2    | Identified the +10 plate armour of the Postmodern Wars
                  | {rElec rC+ Int+3}
 92042 | Zot:2    | Identified a scroll of acquirement
 92189 | Zot:2    | You are sucked into a shaft and drop 1 floor!
 92966 | Zot:2    | Reached skill level 26 in Shields
 93514 | Zot:2    | Received a gift from Okawaru
 93967 | Zot:3    | Noticed an ancient lich
 93985 | Zot:3    | Killed an ancient lich
 94112 | Zot:3    | Noticed a dread lich
 94122 | Zot:3    | Killed a dread lich
 94247 | Zot:3    | Identified the +10 dire flail "Woack" {freeze, Int+3}
 94412 | Zot:3    | Received a gift from Okawaru
 94418 | Zot:3    | Found the +4 dragonskin cloak
 94418 | Zot:3    | Noticed Tiamat
 96270 | Hell     | Entered the Vestibule of Hell
 96270 | Hell     | Noticed Geryon
 96434 | Depths:2 | Received a gift from Okawaru
 97467 | Hell     | Noticed Murray
 97480 | Depths:2 | Killed Murray
 98048 | Hell     | Killed Geryon
 98409 | Hell     | Found a gateway to the freezing wastes of Cocytus.
 98523 | Hell     | Found a gateway to the ashen valley of Gehenna.
 98679 | Hell     | Found a gateway to the Iron City of Dis.
 98783 | Hell     | Found a gateway to the decaying netherworld of Tartarus.
 99259 | Zot:2    | Killed Tiamat
 99829 | Zot:4    | Reached XP level 27. HP: 167/254 MP: 33/33
100608 | Zot:4    | Received a gift from Okawaru
101132 | Zot:5    | Entered Level 5 of the Realm of Zot
101374 | Zot:5    | Found a corrupted altar of Lugonu.
102029 | Zot:2    | Acquired 1054 gold pieces
102727 | Vaults:5 | Bought a scroll of fear for 60 gold pieces
102727 | Vaults:5 | Bought a scroll of poison for 60 gold pieces
102727 | Vaults:5 | Bought a scroll of teleportation for 45 gold pieces
102727 | Vaults:5 | Bought a scroll of fear for 60 gold pieces
104436 | Elf:1    | Bought a scroll of noise for 13 gold pieces
104905 | Depths:4 | Bought a glowing scarf for 352 gold pieces
104913 | Depths:4 | Bought a pair of runed gloves for 202 gold pieces
105109 | Zot:5    | Found a corrupted altar of Lugonu.
105905 | Zot:5    | Reached skill level 27 in Shields
106238 | Zot:5    | Noticed an orb of fire
106238 | Zot:5    | Noticed an orb of fire
106578 | Zot:5    | Noticed an ancient lich
106595 | Zot:5    | Received a gift from Okawaru
106605 | Zot:5    | Killed an ancient lich
106749 | Zot:5    | Noticed an ancient lich
106766 | Zot:5    | Killed an ancient lich
107215 | Zot:5    | Killed an orb of fire
107274 | Zot:5    | Noticed a dread lich
107309 | Zot:5    | Killed a dread lich
107360 | Zot:5    | Killed an orb of fire
107885 | Zot:5    | Gained mutation: You are strong-willed. (Will+) [mutagenic
                  | glow]
107980 | Zot:5    | Noticed an orb of fire
107980 | Zot:5    | Gained mutation: You are frail. (-10% HP) [an orb of fire]
107990 | Zot:5    | Killed an orb of fire
107990 | Zot:5    | Received a gift from Okawaru
108539 | Zot:5    | Noticed an orb of fire
108544 | Zot:5    | Killed an orb of fire
109075 | Zot:5    | Got the Orb of Zot
109262 | Depths:3 | Noticed Epeip Ceascho the pandemonium lord
109276 | Depths:3 | Noticed Zuemyon the pandemonium lord
109547 | D:6      | Noticed Ymisk the pandemonium lord
109676 | D:$      | Escaped with the Orb!

Illustrated notes

Levels and vault maps discovered:
D:1:      mrwooster_arrival_arrow, layout_loops_ring, serial_co_window_serial,
          co_window_paths_a, co_window_corner_a, co_window_corner_a,
          co_window_paths_a, co_window_of_opportunity_a, co_window_broadway_c,
          co_window_unsneaky_path_b, co_window_2corner, co_window_paths_c,
          co_window_paths_d, glass_columns_c
D:2:      layout_loops_ring, hellmonk_ecumenical_altar_arch_garden, uniq_sigmund
D:3:      layout_rooms
D:4:      layout_loops_cross, lemuel_doored_altar, cheibrodos_sewer_entry_drain
D:5:      layout_layer_cave, mainiacjoe_overflow_alcove_4,
          chequers_serial_rivers_small_a, uniq_duvessa
D:6:      layout_cave_pools, lightli_ossuary_entry_decrepit_ruins,
          uniq_blork_the_orc, uniq_maggie, uniq_jeremiah
D:7:      layout_basic, mainiacjoe_overflow_boulevard,
          minmay_temple_entry_glassed_door, chequers_guarded_unrand_ignorance,
          uniq_menkaure
D:8:      nicolae_whirlpool, layout_gridville, minmay_lair_entry_grove,
          uniq_joseph
D:9:      layout_roguey, minmay_orc_entry_guard_dogs, enter_bailey_2
D:10:     layout_roguey, nicolae_ru_path_of_blood, minitemple,
          chequers_serial_rivers_small_a, minivault_20, introduction_to_nature_1
D:11:     layout_loops_cross, uniq_josephine, uniq_harold
D:12:     fort_yaktaur, layout_basic, gauntlet_entry_generic,
          hangedman_fish_farm
D:13:     layout_loops_ring, minmay_misc_feat_tiny, glass_columns_c,
          chequers_serial_rivers_small_b, amcnicky_mini_pool_small, uniq_urug,
          uniq_erolcha
D:14:     gammafunk_beogh_shrine, layout_irregular_city,
          skrybe_vaults_entry_preservation, elyvilon_altar_3,
          kennysheep_another_room, uniq_rupert
D:15:     grunt_enter_depths_hoard, layout_long_grid, hangedman_decor_riveting,
          nicolae_trove_entry_isolated, small_statue_intersection, uniq_kirke
Temple:   nicolae_temple_elliptical
Lair:1:   layout_loops_ring, uniq_gastronok
Lair:2:   regret_index_malice_mire, layout_cave_pods, ebering_ghost_inner_flame,
          infiniplex_staircase_pool, uniq_fannar
Lair:3:   layout_regular_city, alex1729_swamp_entry_worm_eleionoma,
          guppyfry_snake_entry_island, nicolae_lair_lindhole
Lair:4:   layout_big_grid, grunt_megastairs_5, uniq_sonja
Lair:5:   minmay_lair_end_enchanted_forest, layout_regular_city,
          minmay_slime_entry_jelly_boxes, serial_rivers,
          chequers_serial_rivers_small_3, chequers_serial_rivers_room_a,
          chequers_serial_rivers_large_a, chequers_serial_rivers_small_b,
          chequers_serial_rivers_micro_c
Swamp:1:  layout_basic_swamp, evilmike_swamp_ruin_house_3, swamp_pool_5
Swamp:2:  layout_basic_swamp, nicolae_swamp_stair_fork
Swamp:3:  layout_basic_swamp, nicolae_swamp_decorative_isthmus
Swamp:4:  nzn_swamp_witches_coven, layout_basic_swamp,
          nicolae_swamp_dragon_and_kin
Snake:1:  layout_grid_maze, serial_shops, shop, minmay_snake_pond
Snake:2:  layout_onion_interference, hellmonk_ghost_happy_afterlife
Snake:3:  layout_layer_cave, grunt_megastairs_1
Snake:4:  minmay_snake_end_coiled, layout_rooms, basic_altar
Slime:1:  layout_caves
Slime:2:  layout_caves, nicolae_slime_barrier, nicolae_slime_crime_time
Slime:3:  layout_caves, special_room [special_room_jelly]
Slime:4:  layout_caves
Slime:5:  slime_pit_nicolae_royal_road_to_ruin
Orc:1:    layout_caves
Orc:2:    grunt_orc_gardens, layout_caves, grunt_orc_garden, grunt_orc_garden,
          grunt_orc_garden, grunt_orc_garden, basic_altar, mines1_david
Elf:1:    nicolae_elf_arrival_no_cutting_in_line, layout_geoelf_octagon,
          serial_shops, shop, evilmike_minifort,
          nicolae_elf_vaults_five_recruitment_drive, minmay_shop_star,
          uniq_zenata
Elf:2:    elven_hall_of_blades_hangedman_original
          [nicolae_blade_entry_floor_patterns], layout_onion_city,
          portal_desolation_entry_nicolae_slug
Elf:3:    minmay_elf_hall_statues, layout_geoelf_diagonals,
          portal_ice_cave_entry_ice_statue_two, nicolae_elf_w_pinch,
          nicolae_elf_big_sculpture_1, uniq_saint_roka
Vaults:1: nicolae_vaults_big_ls, nicolae_vaults_storage_closets_1,
          hangedman_vaults_snaps, vaults_room_door_hall, v_misc_12,
          ontoclasm_vaults_gateway, blackcustard_rock_pile, v_misc_11,
          nicolae_vaults_double_plus_1, nicolae_vaults_storage_room_doors,
          nicolae_vaults_layer_cake_slice, layout_vaults_ring
Vaults:2: nicolae_vaults_sesquioval_fish, ontoclasm_vaults_bender,
          minmay_crypt_entry_vampire_xt, nicolae_vaults_heart-shaped_vault,
          nicolae_vaults_house_2, v_misc_27, nicolae_vaults_wine_cellar,
          v_pattern_1, nicolae_vaults_variable_pillar_hall,
          vaults_dpeg_encased_lava, layout_vaults_chaotic_city, uniq_margery
Vaults:3: nicolae_vaults_network_square, nicolae_vaults_six-pack,
          v_alt_pattern_4, hangedman_vaults_trim, v_misc_19,
          hangedman_vaults_restitches, v_misc_24, nicolae_vaults_specimen_jars,
          nicolae_vaults_diamond_2, v_misc_2, nicolae_vaults_sealed_display,
          nicolae_vaults_little_squares_4, nicolae_vaults_trapezoid_lopsided_1,
          v_misc_16, layout_vaults_big_cross, serial_shops,
          nicolae_shop_advertising_works [nicolae_subvault_shop_adworks]
Vaults:4: advil_vaults_ghost_lines, nicolae_vaults_twisting_passages,
          nicolae_vaults_little_squares_3, nicolae_vaults_weapon_check,
          nicolae_vaults_windows_and_doors_thing, vaults_standard_mumra_x,
          nicolae_vaults_little_squares_3, nicolae_vaults_trapezoid_1,
          layout_vaults_quadrants, uniq_mennas, uniq_sojobo
Vaults:5: serial_shops, uniq_xtahua
Crypt:1:  hangedman_hall_of_fallen_heroes, layout_regular_city
Crypt:2:  layout_misc_corridors, gammafunk_ghost_fury_of_okawaru,
          serial_library_regret_index_branch_corner,
          amcnicky_mini_rare_corridor_liquid, grunt_megastairs_3
Crypt:3:  church_of_pain_bobbens, layout_chaotic_city,
          tomb_entry_forgotten_bobbens, minmay_misc_feat_ornament,
          uniq_frederick
Depths:1: cell_vault, layout_gridville, abyss_entry_small_statue_room,
          hellmonk_ghost_big_iron, hell_entry,
          dilly_guarded_unrand_elemental_staff
Depths:2: nicolae_cairo_tiling_very_big, layout_cave_pools,
          rand_demon_pan_entry_7, nicolae_qazlal_eye_of_the_storm, hell_entry,
          serial_bayou_shore_b, infiniplex_staircase_9_rooms, uniq_vv
Depths:3: nicolae_hitomezashi [nicolae_hito_row, nicolae_hito_row,
          nicolae_hito_row, nicolae_hito_row, nicolae_hito_row,
          nicolae_hito_row, nicolae_hito_row, nicolae_hito_row,
          nicolae_hito_row, nicolae_hito_row, nicolae_hito_row,
          nicolae_hito_row, nicolae_hito_row, nicolae_hito_row,
          nicolae_hito_row, nicolae_hito_row, nicolae_hito_row,
          nicolae_hito_row], layout_honeycomb, enter_ziggurat_f, abyss_entry,
          hell_entry, nicolae_hepliaklqana_hippocampus
Depths:4: evilmike_zot_entry_hall, layout_twisted_cross, abyss_entry,
          chequers_serial_rivers_micro_c, hell_entry, minmay_shoptagon
Hell
Zot:1:    layout_cathedral_of_symmetry, regret_index_zotdec_silver_v_v_loose
Zot:2:    layout_concentric_octagons
Zot:3:    hangedman_zot_vaults_quadrants, layout_onion_interference, uniq_tiamat
Zot:4:    layout_misc_corridors, hangedman_zot_diagonal_lockstep,
          regret_index_zotdec_banners
Zot:5:    layout_twisted_circle, amcnicky_altar_lugonu_corruption

Skill      XL: |  1  2  3  4  5  6  7  8  9 10 11 12 13 14 15 16 17 18 19 20 21 22 23 24 25 26 27 |
---------------+----------------------------------------------------------------------------------+-----
Fighting       | 4 5 6 8 9 10 11 12 13 14 16 17 19 20 21 23 | 23.0
Armour         | 4 5 7 9 10 11 12 13 14 15 17 18 19 20 21 22 24 25 | 25.0
Shields        | 4 5 7 9 11 13 14 15 16 17 18 19 20 22 23 24 25 26 27 | 27.0
Axes           | 3 4 7 8 9 10 13 16 18 19 21 22 23 | 23.5
Stealth        | 1 2 |  2.0
Evocations     | 2 5 6 7 8 9 10 11 | 11.0
Polearms       | 4 7 10 12 13 14 15 | 15.7
Throwing       | 2 4 5 6 7 8 9 10 12 14 16 17 18 19 | 19.5
Invocations    | 3 7 9 10 11 12 13 14 | 14.8
Dodging        | 1 4 6 7 8 |  8.8
Long Blades    | 4 7 9 10 11 | 11.4
Maces & Flails | 3 6 |  6.1

Action                     |  1- 3 |  4- 6 |  7- 9 | 10-12 | 13-15 | 16-18 | 19-21 | 22-24 | 25-27 || total
---------------------------+-------+-------+-------+-------+-------+-------+-------+-------+-------++-------
  Melee: War axe           |    86 |   129 |   290 |       |       |       |       |       |       ||   505
         Headbutt          |     9 |    18 |    71 |   119 |   317 |   423 |   564 |   722 |   697 ||  2940
         Trident           |       |       |   110 |   825 |  1225 |   986 |       |       |       ||  3146
         Demon trident     |       |       |       |       |   248 |   348 |    77 |    44 |     6 ||   723
         Falchion          |       |       |       |       |       |    18 |     6 |       |       ||    24
         Broad axe         |       |       |       |       |       |   822 |  1916 |  1581 |  1806 ||  6125
         Morningstar       |       |       |       |       |       |       |    18 |    19 |       ||    37
         Trishula          |       |       |       |       |       |       |       |   669 |   354 ||  1023
  Throw: Dart              |       |       |       |     8 |       |       |       |       |       ||     8
         Stone             |       |       |       |     5 |       |       |       |       |       ||     5
         Boomerang         |       |       |       |     3 |    10 |     1 |     3 |     9 |    64 ||    90
         Javelin           |       |       |       |       |       |       |       |    18 |    36 ||    54
 Invoke: Heroism           |       |       |       |     4 |     7 |     4 |    10 |     6 |    10 ||    41
         Finesse           |       |       |       |     3 |     2 |     2 |     4 |     3 |     4 ||    18
         Receive Armour    |       |       |       |       |     1 |       |       |       |       ||     1
         Receive Weapon    |       |       |       |       |       |     1 |       |       |       ||     1
  Evoke: Wand              |       |       |     1 |    10 |     1 |       |       |       |     8 ||    20
         Tin of tremorston |       |       |       |       |     1 |       |       |       |       ||     1
         Phial of floods   |       |       |       |       |       |       |       |     1 |       ||     1
    Use: Potion            |     1 |     1 |     2 |     2 |       |       |       |     6 |    10 ||    22
         Scroll            |       |     2 |    10 |    13 |    15 |     6 |     6 |     9 |    15 ||    76
   Stab: Sleeping          |       |       |       |     1 |       |       |       |       |       ||     1
         Distracted        |       |       |       |       |     2 |       |       |     1 |       ||     3
         Invisible         |       |       |       |       |       |       |       |     7 |     4 ||    11
 Armour: Scale mail        |    66 |    97 |   194 |       |       |       |       |       |       ||   357
         Acid dragon scale |       |       |    22 |   380 |    11 |       |       |       |       ||   413
         Robe              |       |       |       |    13 |       |       |       |       |       ||    13
         Plate armour      |       |       |       |       |   322 |       |       |       |       ||   322
         Crystal plate arm |       |       |       |       |   144 |   560 |   591 |   649 |   150 ||  2094
         Gold dragon scale |       |       |       |       |       |       |       |       |   606 ||   606
  Dodge: Dodged            |    44 |    43 |   117 |   180 |   276 |   213 |   158 |   196 |   213 ||  1440
  Block: Buckler           |    13 |    26 |    69 |       |       |       |       |       |       ||   108
         Kite shield       |       |       |    42 |   463 |   629 |       |       |       |       ||  1134
         Tower shield      |       |       |       |       |   176 |  2056 |  1648 |  1929 |  1803 ||  7612
